 Dungeon Crawl Stone Soup version 0.31.0-11-ge490571c62 (webtiles) character file.

Game seed: 4207854415499087177

64693 EonDragon20 the Spry (level 15, -7/130 HPs)
             Began as a Merfolk Shapeshifter on Feb 7, 2024.
             Was a High Priest of Wu Jian.
             Mangled by a troll (8 damage)
             ... while paralysed by an orc sorcerer
             ... on level 12 of the Dungeon.
             The game lasted 00:50:26 (17371 turns).

EonDragon20 the Spry (Merfolk Shapeshifter)        Turns: 17371, Time: 00:50:27

Health: -7/130     AC:  1    Str: 24    XL:     15   Next: 13%
Magic:  15/15      EV:  2    Int:  9    God:    Wu Jian [*****.]
Gold:   1294       SH:  0    Dex: 16    Spells: 14/14 levels left

rFire   . . .        f - melded +3 dagger (chaos)
rCold   . . .        (shield currently unavailable)
rNeg    + + +        a - melded +0 animal skin
rPois   .            m - +0 hat
rElec   .            U - scarf {shadows}
rCorr   .            I - +0 pair of gloves "Pesa Meu" {Rampage rN+++ Str+3 Dex-5}
SInv    .            (no boots)
Will    +....        p - amulet of Brilliance {Regen+ Str+3 Dex+3}
Stlth   +            g - +5 ring of evasion
HPRegen 1.21/turn    y - ring of flight
MPRegen 0.14/turn

%: rampage
@: paralysed, on fire, flux-form, flying, glowing, studying Short Blades
A: glow, contaminating, (nimble swimmer 2), mertail
a: Begin Untransformation, Renounce Religion, Wall Jump, Serpent's Lash,
Heavenly Storm


You were on level 12 of the Dungeon.
You worshipped Wu Jian.
Wu Jian was extremely pleased with you.
You were something dangerously unstable.
You visited 4 branches of the dungeon, and saw 21 of its levels.

You collected 1294 gold pieces.

Inventory:

Hand Weapons
 f - a +3 dagger of chaos (melded)
Missiles
 x - 6 throwing nets (quivered)
Armour
 a - a +0 animal skin (melded)
 m - a +0 hat (worn)
 t - a +2 pair of gloves of dexterity
 E - a +2 animal skin
 I - the +0 pair of gloves "Pesa Meu" (worn) {Rampage rN+++ Str+3 Dex-5}
   (You found it on level 10 of the Dungeon)

   Str+3:     It affects your strength (+3).
   Dex-5:     It affects your dexterity (-5).
   rN+++:     It renders you almost immune to negative energy.
   Rampage:   It bestows one free step when moving towards enemies.
 U - a scarf of shadows (worn)
Jewellery
 g - a +5 ring of evasion (left hand)
 n - a ring of ice
 p - the amulet of Brilliance (around neck) {Regen+ Str+3 Dex+3}
   (You found it on level 2 of the Dungeon)

   [amulet of regeneration]

   Str+3:     It affects your strength (+3).
   Dex+3:     It affects your dexterity (+3).
   Regen+:    It increases your rate of health regeneration.
 y - a ring of flight (right hand)
 A - an amulet of the acrobat
 C - a ring of fire
 D - a +5 ring of evasion
 H - a +6 ring of intelligence
 J - an amulet of faith
 L - an amulet of magic regeneration
 M - the amulet "Nygekad" {RegenMP Rampage ^Drain rC+ Int+4}
   (You found it on level 11 of the Dungeon)

   [amulet of magic regeneration]

   RegenMP:   It increases your rate of magic regeneration.
   Int+4:     It affects your intelligence (+4).
   rC+:       It protects you from cold.
   ^Drain:    It drains your maximum health when unequipped.
   Rampage:   It bestows one free step when moving towards enemies.
 R - a ring of wizardry
 W - a +6 ring of dexterity
Talismans
 c - a beast talisman
 d - a flux talisman (active)
 T - a blade talisman
Wands
 u - a wand of iceblast (20)
 P - a wand of mindburst (5)
 Q - a wand of light (3)
 S - a wand of digging (3)
 Z - a wand of flame (9)
Scrolls
 e - 5 scrolls of vulnerability
 i - 5 scrolls of teleportation
 l - 4 scrolls of enchant weapon
 o - a scroll of blinking
 B - 2 scrolls of immolation
 F - a scroll of poison
 N - 3 scrolls of revelation
 V - a scroll of amnesia
 Y - a scroll of noise
Potions
 b - 4 potions of lignification
 h - 4 potions of mutation
 j - a potion of haste
 k - a potion of magic
 q - a potion of resistance
 r - 5 potions of enlightenment
 s - 2 potions of ambrosia
 v - a potion of degeneration
 w - a potion of might
 z - a potion of berserk rage {unknown}
 K - 3 potions of curing
 O - a potion of attraction {unknown}
Miscellaneous
 G - a lightning rod (4/4)


   Skills:
 * Level 15.9 Fighting
 * Level 18.5 Dodging
 * Level 16.0 Unarmed Combat
 - Level 11.1 Shapeshifting


You had 14 spell levels left.
You didn't know any spells.
Your spell library contained the following spells:

 Spells                   Type           Power      Damage    Failure   Level
 Sting                    Conj/Alch      0%         1d3       38%         1
 Blink                    Tloc           0%         N/A       52%         2
 Cigotuvi's Dreadful Rot  Necr/Alch/Air  0%         N/A       52%         2
 Lesser Beckoning         Tloc           0%         N/A       52%         2
 Mercury Vapours          Alch/Air       0%         N/A       52%         2
 Momentum Strike          Conj/Tloc      0%         3d8       52%         2
 Static Discharge         Conj/Air       0%         3-3/arc   52%         2
 Gell's Gravitas          Tloc           0%         N/A       77%         3
 Teleport Other           Tloc           0%         N/A       77%         3
 Airstrike                Air            0%         2d(0-16)  99%         4
 Brom's Barrelling Bould  Conj/Erth      0%         2d3       99%         4
 Cause Fear               Hex            0%         N/A       99%         4
 Ignite Poison            Fire/Alch      0%         N/A       99%         4
 Olgreb's Toxic Radiance  Alch           0%         N/A       99%         4
 Summon Lightning Spire   Summ/Air       0%         N/A       99%         4
 Fireball                 Conj/Fire      0%         3d3       100%        5
 Freezing Cloud           Conj/Ice/Air   0%         6-21      100%        5
 Iskenderun's Battlesphe  Conj           0%         2d6       100%        5
 Conjure Ball Lightning   Conj/Air       0%         3x3d6     100%        6
 Dispersal                Tloc           0%         N/A       100%        6
 Orb of Destruction       Conj           0%         9d5       100%        7
 Dragon's Call            Summ           0%         N/A       100%        9


Dungeon Overview and Level Annotations

Branches:
Dungeon (13/15)            Temple (1/1) D:4            Lair (5/5) D:9
  Swamp (0/4) Lair:3       Spider (0/4) Lair:2        Slime (0/5) Lair:5
    Orc (2/2) D:11         Vaults (0/5) D:13
    Elf: Orc:2

Altars:
Ashenzari
Cheibriados
Dithmenos
Elyvilon
Fedhas
Gozag
Hepliaklqana
Kikubaaqudgha
Makhleb
Nemelex Xobeh
Okawaru
Qazlal
Ru
Sif Muna
Trog
Uskayaw
Vehumet
Wu Jian
Xom
Zin
The Shining One

Shops:
D:2 (   D:5 [   D:11 !

Annotations:
D:13 2 transporters, hawla's ghost, journeyman MiGl
Lair:3 exclusion: oklob plant


Innate Abilities, Weirdness & Mutations

You are something dangerously unstable.
You glow with magical radiation, making you easy to see and hit.
Foes you strike become dangerously contaminated with magical radiation.
You are incapable of wielding weapons or throwing items.
((You are very nimble when in or above water. (Stealth+, EV+, Speed+++)))
Your lower body shifts to a powerful aquatic tail in water.


Message History

Unknown command.
You hit the deep elf pyromancer but do no damage.
The deep elf pyromancer shudders as magic cascades through it!!
You kill the deep elf pyromancer!
The Council accepts your kill.
The fire elemental disappears in a puff of smoke!
The liquid fire burns you! The orc warrior misses you.
Unknown command.
Aiming: Iceblast
Press: ? - help, Shift-Dir - straight line The mass of ice explodes!
The iceblast engulfs the orc sorcerer.
The orc sorcerer is lightly wounded.
The iceblast engulfs the troll!
The troll is moderately wounded.
The iceblast engulfs the orc warrior!
The orc warrior is heavily wounded.
The liquid fire burns you! The orc warrior misses you.
You hit the orc sorcerer.
The orc sorcerer begins to glow.
The orc sorcerer is moderately wounded.
The liquid fire burns you!
The orc warrior hits you with a +0 long sword.
The orc sorcerer gestures at you while chanting.
You suddenly lose the ability to move!
The liquid fire burns you!
The orc warrior hits you with a +0 long sword!
The orc sorcerer hits you with a +0 dagger!
The troll bites you. The troll claws you. The troll claws you!
The liquid fire burns you!
The orc warrior hits you with a +0 long sword.
* * * LOW HITPOINT WARNING * * *
The orc sorcerer hits you with a +0 dagger!
* * * LOW HITPOINT WARNING * * *
The troll bites you!
* * * LOW HITPOINT WARNING * * *
The troll claws you!
* * * LOW HITPOINT WARNING * * *
The troll claws you!
You die...

#.#.#.##########
#.#.# #......# #.#.#
#.#.#)## #.#.#
#......# #.#.#
###.#.#.#######
#.#.#
#.............# #.#
#...#.#.#)....#
#........)....##.
#........po.......
#.......Too.......
#......o<3.........
#..................
#......ยง...........
#..................
#[.................
#.................
#.............######


You could see an orc knight, a troll, a ynoxinul (summoned), an orc sorcerer
(strong, contam), an orc warrior and an orc (strong).

Vanquished Creatures
  Harold (D:9)
  Fannar (D:10)
  6 hydras
  Erica (D:9)
  2 centaur warriors (D:13)
  3 boulder beetles
  4 two-headed ogres
  A catoblepas (Lair:2)
  A death yak (Lair:1)
  2 tengu warriors
  Urug (D:11)
  2 skysharks (Lair:5)
  A pharaoh ant (Lair:2)
  4 deep elf pyromancers
  A lindwurm (Lair:4)
  3 ugly things
  4 manticores
  2 kobold blastminers
  14 elephants
  4 black mambas
  18 cane toads
  2 torpor snails (Lair:1)
  3 gargoyles
  Jeremiah (D:7)
  A rime drake (Lair:3)
  3 komodo dragons
  2 unseen horrors
  2 tengu conjurers
  8 trolls
  A tarantella (Lair:2)
  A hornet (D:10)
  A polar bear (Lair:5)
  12 blink frogs
  Sigmund (D:2)
  7 slime creatures
  A jumping spider (Lair:2)
  2 shadows
  2 water elementals (D:11)
  A wyvern (Lair:3)
  76 yaks
  3 wraiths
  A vampire (D:11)
  4 wargs
  Eustachio (D:6)
  5 basilisks
  Grum (D:9)
  11 vampire mosquitoes
  A steam dragon (Lair:1)
  2 acid dragons
  13 water moccasins
  2 ice beasts (D:7)
  11 orc warriors
  2 black bears
  2 sky beasts (D:7)
  A swamp drake (Lair:3)
  7 wolves
  4 centaurs
  5 ogres
  A phantom (D:4)
  10 bullfrogs
  2 kobold brigands
  8 scorpions
  5 wights (D:8)
  9 killer bees
  A howler monkey (D:5)
  9 jellies
  6 orc priests
  A bombardier beetle (D:4)
  5 hounds
  3 gnoll boudas
  A sleepcap (D:7)
  Jessica (D:2)
  6 iguanas
  8 orc wizards
  Robin (D:3)
  12 gnolls (D:4)
  6 adders
  2 white imps (D:7)
  4 ufetubi
  A ribbon worm (D:3)
  2 dart slugs (D:4)
  46 orcs
  9 ball pythons
  5 endoplasms
  3 giant cockroaches (D:1)
  10 goblins
  7 hobgoblins
  6 jackals
  4 quokkas
  10 bats
  4 frilled lizards
  14 kobolds
  4 rats
505 creatures vanquished.

Notes
Turn   | Place    | Note
-------+----------+-------------------------------------------
     0 | D:1      | EonDragon20 the Merfolk Shapeshifter began the quest for
                  | the Orb.
     0 | D:1      | Reached XP level 1. HP: 15/15 MP: 1/1
    99 | D:1      | Reached XP level 2. HP: 21/21 MP: 2/2
   329 | D:1      | Reached skill level 5 in Shapeshifting
   454 | D:1      | Reached XP level 3. HP: 23/26 MP: 3/3
  1158 | D:2      | Noticed Sigmund
  1174 | D:2      | Killed Sigmund
  1175 | D:2      | Reached XP level 4. HP: 14/32 MP: 4/4
  1175 | D:2      | Reached XP level 5. HP: 16/37 MP: 5/5
  1175 | D:2      | Reached XP level 6. HP: 19/43 MP: 6/6
  1281 | D:2      | Noticed Jessica
  1297 | D:2      | Killed Jessica
  1489 | D:2      | Found a faded altar of an unknown god.
  1489 | D:2      | Noticed an Ice Fiend
  1625 | D:2      | Identified the amulet of Brilliance {Regen+ Str+3 Dex+3}
  1634 | D:2      | Found Otithrat's Weapon Emporium.
  2000 | D:3      | Noticed Robin
  2029 | D:3      | Killed Robin
  2362 | D:3      | Noticed a black bear
  2381 | D:3      | Killed a black bear
  2639 | D:4      | Reached XP level 7. HP: 42/48 MP: 7/7
  2738 | D:4      | Reached skill level 10 in Shapeshifting
  3029 | D:4      | Found a staircase to the Ecumenical Temple.
  3235 | D:4      | Reached XP level 8. HP: 49/54 MP: 8/8
  3578 | Temple   | Entered the Ecumenical Temple
  3595 | Temple   | Became a worshipper of the Wu Jian Council
  3628 | D:5      | Entered Level 5 of the Dungeon
  3628 | D:5      | Found Peog's Armour Boutique.
  3644 | D:5      | Reached skill level 3 in Dodging
  3884 | D:5      | Reached skill level 4 in Dodging
  4193 | D:5      | Reached skill level 5 in Dodging
  4569 | D:6      | Reached skill level 5 in Unarmed Combat
  4654 | D:6      | Reached XP level 9. HP: 48/66 MP: 9/9
  4658 | D:6      | Reached skill level 6 in Dodging
  4699 | D:6      | Reached * piety under Wu Jian
  4950 | D:6      | Noticed Eustachio
  4961 | D:6      | Killed Eustachio
  4962 | D:6      | Reached skill level 5 in Fighting
  4983 | D:6      | Reached skill level 7 in Dodging
  5428 | D:7      | Reached skill level 8 in Dodging
  5634 | D:7      | Reached XP level 10. HP: 74/77 MP: 10/10
  5637 | D:7      | Reached ** piety under Wu Jian
  5969 | D:7      | Found a glowing golden altar of the Shining One.
  5969 | D:7      | Found an iron altar of Okawaru.
  5970 | D:7      | Found a stormy altar of Qazlal.
  6059 | D:7      | Found a hide-covered altar of Uskayaw.
  6088 | D:7      | Noticed Jeremiah
  6136 | D:7      | Killed Jeremiah
  6137 | D:7      | Reached skill level 9 in Dodging
  6484 | D:8      | Found a shadowy altar of Dithmenos.
  6946 | D:8      | Noticed a boulder beetle
  6970 | D:8      | Killed a boulder beetle
  6971 | D:8      | Reached skill level 10 in Dodging
  7025 | D:8      | Noticed a white ugly thing
  7064 | D:8      | Killed a red ugly thing
  7094 | D:8      | Identified the staff of Spite {Str+2 Necro Earth}
  7470 | D:9      | Noticed a two-headed ogre
  7477 | D:9      | Killed a two-headed ogre
  7478 | D:9      | Reached XP level 11. HP: 89/89 MP: 11/11
  7493 | D:9      | Noticed Erica
  7605 | D:9      | Noticed a two-headed ogre
  7607 | D:9      | Reached skill level 11 in Dodging
  7623 | D:9      | Killed a two-headed ogre
  7633 | D:9      | Reached *** piety under Wu Jian
  7641 | D:9      | Reached skill level 10 in Unarmed Combat
  7725 | D:9      | Found a staircase to the Lair.
  7891 | D:9      | Killed Erica
  7892 | D:9      | Reached skill level 10 in Fighting
  7963 | D:9      | Reached skill level 12 in Dodging
  8117 | D:9      | Noticed Grum
  8121 | D:9      | Killed Grum
  8208 | D:9      | Noticed Harold
  8208 | D:9      | Noticed a two-headed ogre
  8221 | D:9      | Killed a two-headed ogre
  8236 | D:9      | Killed Harold
  8244 | D:9      | Reached XP level 12. HP: 73/99 MP: 12/12
  8483 | D:10     | Entered Level 10 of the Dungeon
  8619 | D:10     | Reached skill level 13 in Dodging
  8623 | D:10     | Noticed Fannar
  8635 | D:10     | Killed Fannar
  8840 | D:10     | Identified the +0 pair of gloves "Pesa Meu" {Rampage rN+++
                  | Str+3 Dex-5}
  9116 | D:11     | Noticed a two-headed ogre
  9122 | D:11     | Killed a two-headed ogre
  9122 | D:11     | Reached **** piety under Wu Jian
  9211 | D:11     | Found a staircase to the Orcish Mines.
  9354 | D:11     | Noticed Urug
  9378 | D:11     | Killed Urug
  9715 | D:11     | Identified the amulet "Nygekad" {RegenMP Rampage ^Drain rC+
                  | Int+4}
  9807 | D:11     | Reached skill level 14 in Dodging
  9837 | D:11     | Noticed a seven-headed hydra
  9847 | D:11     | Killed a seven-headed hydra
  9945 | D:11     | You are sucked into a shaft and drop 2 floors!
  9962 | D:13     | Found a transporter.
  9962 | D:13     | Noticed hawla's ghost (journeyman MiGl)
 10032 | D:12     | Noticed a boulder beetle
 10114 | D:13     | Found a gate to the Vaults.
 10115 | D:13     | Noticed a four-headed hydra
 10135 | D:13     | Noticed a centaur warrior
 10146 | D:13     | Killed a centaur warrior
 10213 | D:13     | Found a transporter.
 10285 | D:13     | Noticed a centaur warrior
 10300 | D:13     | Killed a centaur warrior
 10304 | D:13     | Reached XP level 13. HP: 86/109 MP: 13/13
 10414 | D:13     | Reached skill level 15 in Dodging
 10563 | D:12     | Found an ornate altar of the Wu Jian Council.
 10996 | D:11     | Reached ***** piety under Wu Jian
 11010 | D:11     | Found Fan Teic's Distillery.
 11598 | Orc:1    | Entered Level 1 of the Orcish Mines
 11695 | Orc:1    | Found a shimmering altar of Xom.
 12061 | Orc:2    | Entered Level 2 of the Orcish Mines
 12178 | Lair:1   | Entered Level 1 of the Lair of Beasts
 12446 | Lair:1   | Reached skill level 16 in Dodging
 13228 | Lair:2   | Reached XP level 14. HP: 120/120 MP: 14/14
 13389 | Lair:2   | Found a hole to the Spider Nest.
 13684 | Lair:2   | Identified the +5 short sword of Doiwner {pain, Will- Str+3
                  | Int+2 Dex+3}
 13952 | Lair:2   | Reached skill level 17 in Dodging
 14353 | Lair:3   | Reached ****** piety under Wu Jian
 14402 | Lair:3   | Found a staircase to the Swamp.
 14441 | Lair:3   | HP: 4/121 [cane toad (25)]
 14963 | Lair:3   | Reached skill level 15 in Unarmed Combat
 15411 | Lair:4   | Found a gate leading to a gauntlet.
 15471 | Lair:4   | Reached skill level 15 in Fighting
 16380 | Lair:4   | Reached skill level 18 in Dodging
 16578 | Lair:5   | Entered Level 5 of the Lair of Beasts
 16808 | Lair:5   | Found a staircase to the Slime Pits.
 16910 | Lair:5   | Reached XP level 15. HP: 115/130 MP: 15/15
 17369 | D:12     | Paralysed by an orc sorcerer for 4 turns
 17371 | D:12     | HP: 1/130 [troll (13)]
 17371 | D:12     | Mangled by a troll

Illustrated notes

Levels and vault maps discovered:
D:1:      onia_arrival_mini_maze, layout_loops_cross, serial_forest,
          infiniplex_forest_lined_1, infiniplex_forest_straight_2,
          infiniplex_forest_end_1, infiniplex_forest_lined_room_,
          infiniplex_forest_clump_curved
D:2:      layout_rooms, dreamdust_ecumenical_altar_sealed_demon, serial_shops,
          nicolae_shop_back_alley_shop, uniq_jessica, uniq_sigmund
D:3:      layout_basic, uniq_robin
D:4:      layout_basic, minmay_temple_entry_grid, serial_curves, eino_curves_03,
          eino_curves_03
D:5:      layout_layer_cave, serial_shops, nicolae_shop_peninsula
D:6:      layout_basic, minmay_a_box_with_orc_wizards_in_it, uniq_eustachio
D:7:      layout_cave_pods, nicolae_overflow_hidden_temple,
          dreamdust_mushroom_princess, uniq_jeremiah
D:8:      layout_cave_pools, mainiacjoe_overflow_alcove_4,
          serial_co_window_serial, co_window_of_opportunity_a,
          co_window_paths_b, co_window_paths_b, co_window_of_opportunity_a,
          co_window_of_opportunity_a, co_window_2corner, co_window_broadway_c,
          co_window_cross_4, co_window_broadway_b, co_window_unsneaky_path_b,
          co_window_4corner_b, glass_columns_a, glass_columns_a,
          minmay_manual_monolith
D:9:      layout_roguey, minmay_lair_entry_grove, dreamdust_gnoll_shepherd,
          uniq_grum, uniq_harold, uniq_erica
D:10:     layout_roguey, uniq_fannar
D:11:     regret_index_early_branch_jog, layout_stronghold, david_orc_3,
          uniq_urug
D:12:     layout_basic, st_stairs_13, nicolae_wu_jian_wuxing_cycle
D:13:     layout_loops_ring, hellmonk_vaults_attempted_burglary,
          nicolae_trove_entry_path_of_doom, gammafunk_ghost_mausoleum,
          lemuel_blue_sif_altar
Temple:   nicolae_temple_bog_church
Lair:1:   layout_layer_cave, grunt_megastairs_2
Lair:2:   layout_cave_pods, nicolae_spider_entry_lesser_pyramids
Lair:3:   layout_regular_city, minmay_swamp_entry_reptiles
Lair:4:   layout_roguey, gauntlet_entry_generic, nicolae_volcano_entry_vermiform
Lair:5:   minmay_lair_end_frog_pond, layout_regular_city, slime_entry_1,
          grunt_megastairs_5
Orc:1:    layout_diamond_mine, basic_altar
Orc:2:    st_orc_ogre_mass, layout_caves

Skill      XL: |  1  2  3  4  5  6  7  8  9 10 11 12 13 14 15 |
---------------+----------------------------------------------+-----
Shapeshifting  | 5 8 9 11 | 11.1
Dodging        | 5 8 10 12 14 16 18 | 18.5
Fighting       | 4 6 9 10 12 14 15 | 15.9
Unarmed Combat | 5 7 9 11 12 14 15 16 | 16.0

Action                     |  1- 3 |  4- 6 |  7- 9 | 10-12 | 13-15 || total
---------------------------+-------+-------+-------+-------+-------++-------
  Melee: Unarmed           |    18 |   116 |   420 |   624 |   866 ||  2044
         Dagger            |    79 |       |       |       |       ||    79
         Punch             |       |       |       |       |    12 ||    12
 Invoke: Heavenly Storm    |       |       |       |       |     1 ||     1
Ability: Lunge             |       |       |     8 |    43 |    51 ||   102
         Whirlwind         |       |       |    41 |    99 |   170 ||   310
         Wall Jump         |       |       |       |       |     1 ||     1
  Evoke: Wand              |       |       |       |     1 |     1 ||     2
         Lightning rod     |       |       |       |     3 |       ||     3
    Use: Scroll            |     2 |       |     8 |     6 |     9 ||    25
         Potion            |       |       |       |       |     5 ||     5
   Stab: Sleeping          |     2 |       |       |       |       ||     2
         Distracted        |       |       |       |     1 |     1 ||     2
         Petrified         |       |       |       |       |    10 ||    10
 Armour: Animal skin       |    38 |       |       |       |    37 ||    75
         Skin              |       |    26 |    74 |   151 |   182 ||   433
  Dodge: Dodged            |    90 |   126 |   358 |   485 |   672 ||  1731
   Form: Flux              |       |     1 |       |       |     1 ||     2
         Blade             |       |       |       |       |     1 ||     1
